 Dungeon Crawl Stone Soup version 0.30-a0-377-g5cb311bc9f (webtiles) character file.

Game seed: 15904550938836672923

35 qeuew the Shield-Bearer (level 3, -1/30 HPs)
             Began as a Formicid Fighter on Nov 27, 2022.
             Slain by a gnoll
             ... wielding a +0 flail
              (4 damage)
             ... on level 2 of the Dungeon.
             The game lasted 00:00:58 (1121 turns).

qeuew the Shield-Bearer (Formicid Fighter)          Turns: 1121, Time: 00:00:59

Health: -1/30      AC:  6    Str: 22    XL:     3   Next: 55%
Magic:  3/3        EV:  9    Int:  7    God:
Gold:   101        SH:  5    Dex: 13    Spells: 2/2 levels left

rFire   . . .      SeeInvis +    a - +0 war axe
rCold   . . .      Faith    .    c - +0 buckler
rNeg    . . .      Spirit   .    b - +0 scale mail
rPois   .          Reflect  .    (helmet unavailable)
rElec   .          Harm     .    (no cloak)
rCorr   .          Rampage  .    (no gloves)
Will    .....                    (no boots)
Stlth   ..........               (no amulet)
HPRegen 0.25/turn                (no ring)
MPRegen 0.08/turn                (no ring)

@: no status effects
A: permanent stasis, dig shafts and tunnels, antennae 3, four strong arms
a: Dig, Shaft Self


You were on level 2 of the Dungeon.
You visited 1 branch of the dungeon, and saw 2 of its levels.

You collected 101 gold pieces.

Inventory:

Hand Weapons
 a - a +0 war axe (weapon)
Missiles
 e - a throwing net
Armour
 b - a +0 scale mail (worn)
 c - a +0 buckler (worn)
Jewellery
 f - a +4 ring of evasion
Potions
 d - a potion of might


   Skills:
 * Level 3.8 Fighting
 + Level 2.2 Axes
 + Level 3.6 Armour
 + Level 0.8 Dodging
 + Level 4.3 Shields


You had 2 spell levels left.
You didn't know any spells.
Your spell library contained the following spells:

 Spells                   Type           Power      Damage    Failure   Level
 Manifold Assault         Tloc           0%         N/A       100%        4
 Storm Form               Tmut/Air       0%         N/A       100%        7
 Blink                    Tloc           Unusable   N/A       N/A         2

Dungeon Overview and Level Annotations

Branches:
Dungeon (2/15)

Altars:

Shops:
D:1 [


Innate Abilities, Weirdness & Mutations

You cannot be hasted, slowed, berserked, paralysed or teleported.
You can dig through walls and to a lower floor.
You have a pair of large antennae on your head. (SInv)
Your four strong arms can wield two-handed weapons with a shield.


Message History

A gnoll comes into view. It is wielding a +0 club.
You hit the giant cockroach.
The giant cockroach is severely wounded.
The giant cockroach bites you but does no damage.
A gnoll comes into view. It is wielding a +0 flail.
The gnoll shouts!
You hit the giant cockroach.
You kill the giant cockroach!
You hear a shout!
You slash the kobold!
You kill the kobold!
You hit the giant cockroach.
The giant cockroach is heavily wounded.
The giant cockroach barely misses you.
A gnoll comes into view. It is wielding a +0 halberd.
The giant cockroach bites you but does no damage.
You closely miss the giant cockroach.
The giant cockroach is heavily wounded.
You block the giant cockroach's attack. The giant cockroach bites you.
You hit the giant cockroach but do no damage.
The giant cockroach is heavily wounded.
The giant cockroach bites you.
You slash the giant cockroach!
You kill the giant cockroach!
A quokka comes into view.
You closely miss the gnoll. The gnoll closely misses you. x2
You barely miss the gnoll. You slash the gnoll! You block the gnoll's attack.
The gnoll completely misses you.
You hit the gnoll but do no damage.
The gnoll is severely wounded.
You slash the gnoll! The gnoll hits you with a +0 club.
The gnoll hits you from afar with a +0 halberd.
The gnoll hits you with a +0 flail.
A frilled lizard comes into view.
The gnoll hits you from afar with a +0 halberd!
* * * LOW HITPOINT WARNING * * *
The gnoll hits you with a +0 club.
* * * LOW HITPOINT WARNING * * *
The gnoll hits you with a +0 flail.
You die...

# {########### #
.........#.######
..######..#......
##.###.####
##########.##
##.###
#.#.......##
##.##
#..######.##
##.### ......#@#
##.###.####
####..gg#
##.#...... ##.#g#
##.###### ....r#
### # ... ..# #
##...... # #.
.... # #...... #
#


You could see 3 gnolls and a quokka.

Vanquished Creatures
  An adder (D:2)
  A ball python (D:2)
  2 bats
  2 endoplasms (D:1)
  3 giant cockroaches
  4 goblins (D:2)
  2 hobgoblins (D:2)
  3 jackals (D:1)
  2 kobolds
  2 rats (D:2)
22 creatures vanquished.

Notes
Turn   | Place    | Note
-------+----------+-------------------------------------------
     0 | D:1      | qeuew the Formicid Fighter began the quest for the Orb.
     0 | D:1      | Reached XP level 1. HP: 18/18 MP: 1/1
    85 | D:1      | Found Rozenit's Antique Armour Shoppe.
   200 | D:1      | Reached XP level 2. HP: 24/24 MP: 2/2
   883 | D:2      | Reached XP level 3. HP: 20/30 MP: 3/3
  1121 | D:2      | Slain by a gnoll

Illustrated notes

Levels and vault maps discovered:
D:1:      erik_arrival_triangle_small, layout_basic, serial_shops,
          nicolae_shop_waterfront
D:2:      cheibrodos_greedy_goblins, layout_loops_ring, minmay_misc_feat_iff

Action                   || total
-------------------------++-------
Melee: War axe           ||    63
  Use: Potion            ||     1
Armor: Scale mail        ||    33
Dodge: Dodged            ||    25
Block: Buckler           ||    13

Table legend: (Time is in decaauts)
 A = Elapsed time spent in this place.
 B = Non-inter-level travel time spent in this place.
 C = Inter-level travel time spent in this place.
 D = Time resting spent in this place.
 E = Time spent auto-exploring this place.
 F = Levels seen in this place.
 G = Mean time per level.
                   A        B        C        D        E       F      G
               +--------+--------+--------+--------+--------+-----+--------+
         Total |   1147 |   1071 |     76 |      0 |    924 |   2 |  573.5 |
       Dungeon |   1147 |   1071 |     76 |      0 |    924 |   2 |  573.5 |
               +--------+--------+--------+--------+--------+-----+--------+

Top non-repeatable levels by time:
     D:1: 825 daAuts
     D:2: 321 daAuts
